 Dungeon Crawl Stone Soup version 0.30-a0-272-gf98c3da03f (webtiles) character file.

Game seed: 4274235885661159257

25323 gruber the Frost Mage (level 13, 0/148 HPs)
             Began as a Gnoll Ice Elementalist on Oct 15, 2022.
             Was an Initiate of Gozag.
             Slain by a frost giant
             ... wielding a +1 battleaxe of freezing
              (19 damage)
             ... in an ice cave.
             The game lasted 00:21:31 (14178 turns).

gruber the Frost Mage (Gnoll Ice Elementalist)     Turns: 14178, Time: 00:21:31

Health: 0/148      AC: 30    Str:  8    XL:     13   Next: 18%
Magic:  26/26      EV:  2    Int: 23    God:    Gozag
Gold:   2729       SH:  6    Dex: 12    Spells: 17/31 levels left

rFire   . . .      SeeInvis .    S - +11 hand axe of Pestilence {vorpal, rPois Int+3}
rCold   + . .      Faith    .    p - +0 buckler
rNeg    . . .      Spirit   .    (body armour currently unavailable)
rPois   +          Reflect  .    (helmet currently unavailable)
rElec   .          Harm     .    (cloak currently unavailable)
rCorr   .          Rampage  .    (gloves currently unavailable)
Will    .....      NoTele   +    (boots currently unavailable)
Stlth   ++++......               (no amulet)
HPRegen 0.44/turn                C - +4 ring of protection
MPRegen 0.20/turn                E - ring of protection from cold

@: brilliant, tree-form (expiring), gold aura
A: stationary, stasis, torment immunity, boosted hp, (fangs 1), strong nose,
distributed training
a: Renounce Religion, Potion Petition, Call Merchant, Bribe Branch


You were in an ice cave.
You worshipped Gozag.
Gozag was most pleased with you.
You were a tree.
You visited 1 branch of the dungeon, and saw 12 of its levels.
You also visited: Ice Cave.

You collected 2842 gold pieces.
You paid 113 gold pieces to Gozag.

Inventory:

Hand Weapons
 g - a +0 sling
 J - a +0 demon whip of venom
 S - the +11 hand axe of Pestilence (weapon) {vorpal, rPois Int+3}
   (You found it in an ice cave)

   It inflicts extra damage upon your enemies.
   Int:       It affects your intelligence (+3).
   rPois:     It protects you from poison.
Missiles
 z - a throwing net
Armour
 p - a +0 buckler (worn)
 t - a +0 cloak (melded)
 y - a +2 helmet (melded)
 Q - a +1 leather armour of resistance (melded)
 T - +0 ice dragon scales
Jewellery
 C - a +4 ring of protection (left branch)
 E - a ring of protection from cold (right branch)
 O - a ring of positive energy
Wands
 j - a wand of polymorph (9)
 x - a wand of charming (2)
 I - a wand of digging (7)
 L - a wand of quicksilver (5)
 P - a wand of iceblast (5)
Scrolls
 c - 8 scrolls of identify {unknown}
 f - a scroll of enchant weapon {unknown}
 i - 3 scrolls of immolation {unknown}
 k - 8 scrolls of teleportation {unknown}
 o - a scroll of acquirement {unknown}
 q - 3 scrolls of poison {unknown}
 r - 2 scrolls of fear {unknown}
 s - a scroll of enchant armour {unknown}
 u - 2 scrolls of butterflies {unknown}
 v - 2 scrolls of summoning {unknown}
 w - 3 scrolls of magic mapping {unknown}
 B - 2 scrolls of noise {unknown}
 D - 3 scrolls of vulnerability {unknown}
 H - a scroll of silence {unknown}
 N - 4 scrolls of amnesia {unknown}
 R - a scroll of blinking {unknown}
Potions
 a - 2 potions of attraction {unknown}
 b - a potion of magic
 d - 3 potions of curing
 e - 4 potions of brilliance
 h - 2 potions of lignification
 l - 3 potions of mutation {unknown}
 m - 3 potions of degeneration {unknown}
 n - a potion of resistance {unknown}
 A - 3 potions of invisibility {unknown}
 G - a potion of flight {unknown}
 K - a potion of heal wounds
 M - a potion of might {unknown}


   Skills:
 + Level 8.3 Fighting
 + Level 8.3 Short Blades
 + Level 8.3 Long Blades
 + Level 8.3 Axes
 + Level 8.3 Maces & Flails
 + Level 8.3 Polearms
 + Level 8.3 Staves
 + Level 8.3 Ranged Weapons
 + Level 8.3 Throwing
 + Level 8.3 Armour
 + Level 9.6 Dodging
 + Level 9.4 Stealth
 + Level 8.3 Shields
 + Level 8.3 Unarmed Combat
 + Level 9.8 Spellcasting
 + Level 6.9 Conjurations
 + Level 6.9 Hexes
 + Level 6.9 Summonings
 + Level 6.9 Necromancy
 + Level 6.9 Translocations
 + Level 6.9 Transmutations
 + Level 6.9 Fire Magic
 + Level 10.0 Ice Magic
 + Level 6.9 Air Magic
 + Level 6.9 Earth Magic
 + Level 6.9 Poison Magic
 + Level 9.1 Invocations
 + Level 8.3 Evocations


You had 17 spell levels left.
You knew the following spells:

 Your Spells              Type           Power      Damage    Failure   Level
a - Freeze                Ice            100%       1d10      1%          1
b - Frozen Ramparts       Ice            100%       1d16      1%          3
c - Ozocubu's Armour      Ice            72%        N/A       1%          3
d - Hailstorm             Conj/Ice       66%        3d14      1%          3
e - Summon Ice Beast      Ice/Summ       66%        N/A       2%          4

Your spell library contained the following spells:

 Spells                   Type           Power      Damage    Failure   Level
 Apportation              Tloc           100%       N/A       1%          1
 Kiss of Death            Conj/Necr      100%       2d13      1%          1
 Sandblast                Erth           100%       2d20      1%          1
 Passwall                 Tmut/Erth      50%        N/A       1%          2
 Confusing Touch          Hex            60%        N/A       1%          3
 Stone Arrow              Conj/Erth      100%       3d13      1%          3
 Ice Form                 Ice/Tmut       66%        N/A       2%          4
 Dispel Undead            Necr           60%        3d21      4%          4
 Leda's Liquefaction      Hex/Erth       30%        N/A       4%          4
 Alistair's Intoxication  Tmut/Pois      40%        N/A       11%         5
 Lee's Rapid Deconstruct  Erth           30%        3d17*     11%         5
 Statue Form              Tmut/Erth      40%        N/A       52%         6
 Simulacrum               Ice/Necr       Unusable   N/A       N/A         6

Dungeon Overview and Level Annotations

Branches:
Dungeon (12/15)            Temple (0/1) D:5            Lair (0/5) D:8
    Orc (0/2) D:11          IceCv (1/1)

Altars:
Dithmenos
Elyvilon
Fedhas
Gozag
Kikubaaqudgha
Nemelex Xobeh
Ru
Sif Muna
Trog
Uskayaw
Xom
Zin
The Shining One

Shops:
D:11 [

Annotations:
D:8 1 runed translucent door, 2 transporters, Somebody's ghost, novice DsRe
D:9 2 transporters, Peppero's ghost, journeyman DjCj
D:11 2 runed translucent doors


Innate Abilities, Weirdness & Mutations

You are a tree.
Your roots penetrate the ground, keeping you stationary.
You cannot be teleported.
You are immune to unholy pain and torment.
Your maximum health is greatly increased.
Your equipment is partially melded.
((You have very sharp teeth.))
Your uncanny sense of smell can sniff out nearby items.
Your experience applies equally to all skills.


Message History

The bolt of cold hits the polar bear!!
The polar bear resists.
The polar bear dies!
The death yak is distracted by your dazzling golden aura.
The death yak is no longer distracted by gold.
The death yak gores your frost giant!
Your frost giant points at the death yak and mumbles some strange words.
The bolt of cold hits the death yak!!
The death yak gores your frost giant but does no damage.
Your frost giant barely misses the death yak.
The death yak gores your frost giant!
Your frost giant hits the death yak with a +1 battleaxe of freezing!!!
Your frost giant freezes the death yak!!
The death yak dies!
You hear an angry growl.
The death yak gores your frost giant but does no damage.
Your frost giant hits the death yak with a +1 battleaxe of freezing!!!
Your frost giant freezes the death yak!
The death yak gores your frost giant!
You hear an angry growl. x2
Your frost giant hits the death yak with a +1 battleaxe of freezing!!
Your frost giant freezes the death yak!
The death yak dies!
The yak gores your frost giant.
Your icy armour starts to melt.
The yak is distracted by your dazzling golden aura.
The yak is no longer distracted by gold.
The yak gores your frost giant!
The yak completely misses your frost giant.
Your transformation is almost over.
The yak completely misses your frost giant.
Your icy armour evaporates.
The yak completely misses your frost giant.
The yak gores your frost giant but does no damage.
Your frost giant casts a spell at the yak.
The bolt of cold hits the yak!!!
The yak dies!
The frost giant is no longer charmed.
The frost giant shouts!
The frost giant hits you with a +1 battleaxe of freezing!!
You die...
Your body crumbles into a pile of gold.

# #§§○.. #..... ##.§§§.○ #....
..§# ##... .### ##..# #.###
#..# ##..##≈≈≈###.####
...##≈≈≈≈≈≈#...$### ###
#..#≈≈≈≈≈≈≈≈#.##C.#####.###
.###≈≈≈≈≈≈≈≈≈..#♣#..##.#..###
## #≈≈≈≈≈≈≈##.######..####..#
#≈≈≈≈≈≈≈### ####### #..### #
##~~≈≈≈≈≈####...### ##...##
#####~~~######....#...###).⌠..#
#.##~~##..##.....####..###...##
.#.~######......## ##......##
##### ######## ########


You could see a frost giant.

Vanquished Creatures
  Josephine (D:11)
  A boulder beetle (D:11)
  3 two-headed ogres
  4 death yaks (IceCv)
  Amaemon (D:8)
  An ice statue (IceCv)
  An orange demon (D:8)
  Joseph (D:7)
  2 unseen horrors (D:11)
  Psyche (D:8)
  4 trolls
  2 hornets
  6 polar bears (IceCv)
  Sigmund (D:2)
  A shadow (D:9)
  A wyvern (D:11)
  A wraith (D:11)
  38 yaks
  Eustachio (D:4)
  A steam dragon (D:8)
  4 acid dragons
  A water moccasin (D:6)
  A sky beast (D:7)
  A black bear (D:8)
  8 orc warriors
  2 ice beasts (D:5)
  3 ogres
  5 centaurs
  15 wolves (IceCv)
  2 phantoms
  4 kobold brigands
  3 necrophages (D:7)
  2 bullfrogs (D:6)
  A gnoll sergeant (D:7)
  3 scorpions
  A wyvern zombie (D:7)
  11 wights
  10 killer bees
  3 centaur zombies (D:7)
  2 jellies (D:6)
  7 hounds
  A gnoll bouda (D:7)
  A human zombie (D:7)
  An orc priest (D:9)
  7 iguanas
  11 orc wizards
  3 killer bee zombies (D:7)
  A mummy (D:7)
  Robin (D:4)
  11 gnolls
  10 adders
  2 shadow imps
  2 white imps
  An ufetubus (D:4)
  2 worms
  20 orcs
  2 bats
  5 endoplasms
  4 giant cockroaches
  8 goblins
  11 hobgoblins
  8 jackals (D:2)
  14 kobolds
  5 quokkas
  9 ball pythons
  3 frilled lizards
  6 rats
310 creatures vanquished.

Vanquished Creatures (collateral kills)
  2 death yaks (IceCv)
  2 polar bears (IceCv)
  A wraith (D:12)
  3 yaks (IceCv)
  An orc warrior (D:11)
  A killer bee (D:8)
10 creatures vanquished.

Grand Total: 320 creatures vanquished

Notes
Turn   | Place    | Note
-------+----------+-------------------------------------------
     0 | D:1      | gruber the Gnoll Ice Elementalist began the quest for the
                  | Orb.
     0 | D:1      | Reached XP level 1. HP: 13/13 MP: 6/6
   275 | D:1      | Reached XP level 2. HP: 19/19 MP: 4/7
   841 | D:2      | Reached skill level 5 in Spellcasting
   841 | D:2      | Reached XP level 3. HP: 17/25 MP: 5/9
   847 | D:2      | Reached skill level 1 in Invocations
   916 | D:2      | Noticed Sigmund
   928 | D:2      | Learned a level 3 spell: Frozen Ramparts
   961 | D:2      | Killed Sigmund
   962 | D:2      | Reached skill level 1 in Fighting
   962 | D:2      | Reached skill level 1 in Short Blades
   962 | D:2      | Reached skill level 1 in Long Blades
   962 | D:2      | Reached skill level 1 in Axes
   962 | D:2      | Reached skill level 1 in Maces & Flails
   962 | D:2      | Reached skill level 1 in Polearms
   962 | D:2      | Reached skill level 1 in Staves
   962 | D:2      | Reached skill level 1 in Ranged Weapons
   962 | D:2      | Reached skill level 1 in Throwing
   962 | D:2      | Reached skill level 1 in Armour
   962 | D:2      | Reached skill level 1 in Shields
   962 | D:2      | Reached skill level 1 in Unarmed Combat
   962 | D:2      | Reached skill level 1 in Conjurations
   962 | D:2      | Reached skill level 1 in Hexes
   962 | D:2      | Reached skill level 1 in Summonings
   962 | D:2      | Reached skill level 1 in Necromancy
   962 | D:2      | Reached skill level 1 in Translocations
   962 | D:2      | Reached skill level 1 in Transmutations
   962 | D:2      | Reached skill level 1 in Fire Magic
   962 | D:2      | Reached skill level 1 in Air Magic
   962 | D:2      | Reached skill level 1 in Earth Magic
   962 | D:2      | Reached skill level 1 in Poison Magic
   962 | D:2      | Reached skill level 1 in Evocations
   962 | D:2      | Reached XP level 4. HP: 13/33 MP: 4/11
   962 | D:2      | Reached XP level 5. HP: 15/38 MP: 4/12
  1084 | D:2      | Identified the +5 dagger of the Bashing Gods {vorpal,
                  | +Blink rF- rC- rCorr}
  1388 | D:2      | Reached XP level 6. HP: 43/44 MP: 13/13
  1645 | D:3      | Found a blossoming altar of Fedhas.
  1675 | D:3      | Reached skill level 5 in Dodging
  2530 | D:4      | Found a glowing silver altar of Zin.
  2625 | D:4      | Found a white marble altar of Elyvilon.
  2738 | D:4      | Noticed Eustachio
  2763 | D:4      | Killed Eustachio
  2764 | D:4      | Reached XP level 7. HP: 43/51 MP: 7/15
  2961 | D:4      | Reached skill level 5 in Stealth
  3096 | D:4      | Noticed Robin
  3105 | D:4      | Killed Robin
  3435 | D:5      | Entered Level 5 of the Dungeon
  3492 | D:5      | Found a shimmering altar of Xom.
  3672 | D:5      | Reached XP level 8. HP: 35/58 MP: 16/16
  3763 | D:5      | Found a staircase to the Ecumenical Temple.
  3899 | D:5      | Learned a level 3 spell: Ozocubu's Armour
  3903 | D:5      | Learned a level 3 spell: Hailstorm
  5037 | D:6      | Found a hide-covered altar of Uskayaw.
  5037 | D:6      | Found an opulent altar of Gozag.
  5200 | D:6      | Became a worshipper of Gozag Ym Sagoz the Greedy
  5378 | D:6      | Reached XP level 9. HP: 63/65 MP: 11/18
  5559 | D:6      | Found a glowing golden altar of the Shining One.
  5698 | D:6      | Identified the +1 chain mail of the Modern Princes
                  | {*Corrode rElec Str+5 Dex-3}
  5867 | D:6      | Reached skill level 8 in Ice Magic
  6411 | D:7      | Reached skill level 5 in Invocations
  6890 | D:7      | Found an ancient bone altar of Kikubaaqudgha.
  7163 | D:7      | Noticed Joseph
  7277 | D:7      | Reached skill level 5 in Fighting
  7277 | D:7      | Reached skill level 5 in Short Blades
  7277 | D:7      | Reached skill level 5 in Long Blades
  7277 | D:7      | Reached skill level 5 in Axes
  7277 | D:7      | Reached skill level 5 in Maces & Flails
  7277 | D:7      | Reached skill level 5 in Polearms
  7277 | D:7      | Reached skill level 5 in Staves
  7277 | D:7      | Reached skill level 5 in Ranged Weapons
  7277 | D:7      | Reached skill level 5 in Throwing
  7277 | D:7      | Reached skill level 5 in Armour
  7277 | D:7      | Reached skill level 5 in Shields
  7277 | D:7      | Reached skill level 5 in Unarmed Combat
  7277 | D:7      | Reached skill level 5 in Evocations
  7309 | D:7      | Reached XP level 10. HP: 71/71 MP: 16/20
  7469 | D:7      | Killed Joseph
  7630 | D:7      | Found a shadowy altar of Dithmenos.
  7919 | D:8      | Found a staircase to the Lair.
  7986 | D:8      | Noticed Amaemon
  7986 | D:8      | Noticed an orange demon
  8012 | D:8      | Killed Amaemon
  8016 | D:8      | Killed an orange demon
  8162 | D:8      | Found a sacrificial altar of Ru.
  8214 | D:8      | Found a runed translucent door.
  8257 | D:8      | Found a shimmering altar of Xom.
  8257 | D:8      | Noticed Somebody's ghost (novice DsRe)
  8258 | D:8      | Noticed a +1 mace of chaos
  8369 | D:8      | Noticed Psyche
  8400 | D:8      | Killed Psyche
  8631 | D:8      | Found a transporter.
  8640 | D:8      | Found a transporter.
  8640 | D:8      | Noticed a centaur warrior
  8652 | D:8      | Found a sparkling altar of Nemelex Xobeh.
  8731 | D:8      | Found a shimmering blue altar of Sif Muna.
  8937 | D:9      | Paralysed by a hornet for 1 turns
  9275 | D:9      | Reached skill level 5 in Conjurations
  9275 | D:9      | Reached skill level 5 in Hexes
  9275 | D:9      | Reached skill level 5 in Summonings
  9275 | D:9      | Reached skill level 5 in Necromancy
  9275 | D:9      | Reached skill level 5 in Translocations
  9275 | D:9      | Reached skill level 5 in Transmutations
  9275 | D:9      | Reached skill level 5 in Fire Magic
  9275 | D:9      | Reached skill level 5 in Air Magic
  9275 | D:9      | Reached skill level 5 in Earth Magic
  9275 | D:9      | Reached skill level 5 in Poison Magic
  9275 | D:9      | Reached XP level 11. HP: 56/81 MP: 11/22
  9454 | D:9      | Noticed a tengu warrior
  9455 | D:9      | Noticed a two-headed ogre
  9465 | D:9      | Found a bloodstained altar of Trog.
  9466 | D:9      | Noticed a moth of wrath
  9468 | D:9      | Noticed Peppero's ghost (journeyman DjCj)
  9533 | D:9      | Learned a level 4 spell: Summon Ice Beast
  9753 | D:9      | Found a transporter.
  9765 | D:9      | Found a transporter.
 10011 | D:9      | Reached skill level 9 in Ice Magic
 10152 | D:10     | Entered Level 10 of the Dungeon
 10343 | D:10     | Noticed a two-headed ogre
 10371 | D:10     | Killed a two-headed ogre
 10848 | D:11     | Noticed a two-headed ogre
 10856 | D:11     | Killed a two-headed ogre
 11211 | D:11     | Paralysed by a hornet for 3 turns
 11417 | D:11     | Reached XP level 12. HP: 81/91 MP: 21/24
 11511 | D:11     | Noticed a boulder beetle
 11533 | D:11     | Killed a boulder beetle
 11663 | D:11     | Found a staircase to the Orcish Mines.
 11687 | D:11     | Noticed a fire dragon
 11691 | D:11     | Found a runed translucent door.
 11691 | D:11     | Noticed a fire dragon
 11691 | D:11     | Noticed an ice dragon
 11691 | D:11     | Found the +2 shield of Resistance {rF++ rC++ Will++}
 11692 | D:11     | Found a runed translucent door.
 11694 | D:11     | Noticed an ice dragon
 11748 | D:11     | Found Nugotoja's Armour Emporium.
 12081 | D:12     | Noticed Josephine
 12100 | D:11     | Killed Josephine
 12533 | D:12     | Found a frozen archway.
 12534 | D:12     | Noticed a two-headed ogre
 12569 | D:12     | Killed a two-headed ogre
 12574 | IceCv    | Entered an ice cave
 13742 | IceCv    | Noticed a death yak
 13763 | IceCv    | Killed a death yak
 13942 | IceCv    | Noticed a death yak
 13942 | IceCv    | Noticed a death yak
 13942 | IceCv    | Noticed a death yak
 13959 | IceCv    | Killed a death yak
 13959 | IceCv    | Killed a death yak
 13960 | IceCv    | Reached XP level 13. HP: 62/98 MP: 2/26
 13963 | IceCv    | Reached skill level 10 in Ice Magic
 14090 | IceCv    | Identified the +11 hand axe of Pestilence {vorpal, rPois
                  | Int+3}
 14124 | IceCv    | Noticed a frost giant
 14152 | IceCv    | HP: 7/147 [frost giant/bolt of cold (22)]
 14178 | IceCv    | Slain by a frost giant

Illustrated notes

Levels and vault maps discovered:
D:1:      sevenhm_arrival_forest_fort_small_4, layout_rooms, serial_forest,
          infiniplex_forest_straight_1, infiniplex_forest_lined_room_2,
          infiniplex_forest_straight_2, infiniplex_forest_clump_curved
D:2:      layout_rooms, uniq_sigmund
D:3:      layout_basic, mainiacjoe_overflow_24_doors
D:4:      layout_basic, mainiacjoe_overflow_boulevard, lemuel_crystal_altar,
          uniq_robin, uniq_eustachio
D:5:      layout_basic, amcnicky_altar_gilded, temple_fountains,
          bh_walls_and_bars
D:6:      layout_loops_ring, tso_altar, gammafunk_temple_overflow_elements,
          grunt_ministairs_13
D:7:      layout_cave_pools, mainiacjoe_overflow_surrounded_room,
          lemuel_mausoleum_altar_kikubaaqudgha, grunt_ogre_cave, uniq_joseph
D:8:      layout_cave_pools, mainiacjoe_overflow_alcove_2,
          gammafunk_temple_overflow_arena, nicolae_ru_great_annihilating_truth,
          lair_entry_dummy, ebering_ghost_xom, minmay_misc_feat_doors,
          uniq_psyche, uniq_amaemon
D:9:      layout_irregular_city, gammafunk_ghost_wrathful_warriors
D:10:     layout_cave_pools
D:11:     layout_basic, orc_david_3, serial_shops, shop,
          minmay_guarded_unrand_resistance
D:12:     layout_cave_pods, portal_ice_cave_entry_pillars_1, st_stairs_2,
          okawaru_ov_weapons_minmay, uniq_gastronok, uniq_josephine
IceCv:    ice_cave_caverns_02

Skill      XL: |  1  2  3  4  5  6  7  8  9 10 11 12 13 |
---------------+----------------------------------------+-----
Spellcasting   | 5 6 7 8 9 |  9.8
Invocations    | 2 3 4 5 6 7 9 |  9.1
Fighting       | 1 2 3 5 6 7 8 |  8.3
Short Blades   | 1 2 3 5 6 7 8 |  8.3
Long Blades    | 1 2 3 5 6 7 8 |  8.3
Axes           | 1 2 3 5 6 7 8 |  8.3
Maces & Flails | 1 2 3 5 6 7 8 |  8.3
Polearms       | 1 2 3 5 6 7 8 |  8.3
Staves         | 1 2 3 5 6 7 8 |  8.3
Ranged Weapons | 1 2 3 5 6 7 8 |  8.3
Throwing       | 1 2 3 5 6 7 8 |  8.3
Armour         | 1 2 3 5 6 7 8 |  8.3
Shields        | 1 2 3 5 6 7 8 |  8.3
Unarmed Combat | 1 2 3 5 6 7 8 |  8.3
Conjurations   | 1 2 3 4 5 6 |  6.9
Hexes          | 1 2 3 4 5 6 |  6.9
Summonings     | 1 2 3 4 5 6 |  6.9
Necromancy     | 1 2 3 4 5 6 |  6.9
Translocations | 1 2 3 4 5 6 |  6.9
Transmutations | 1 2 3 4 5 6 |  6.9
Fire Magic     | 1 2 3 4 5 6 |  6.9
Air Magic      | 1 2 3 4 5 6 |  6.9
Earth Magic    | 1 2 3 4 5 6 |  6.9
Poison Magic   | 1 2 3 4 5 6 |  6.9
Evocations     | 1 2 3 5 6 7 8 |  8.3
Dodging        | 5 6 7 8 9 |  9.6
Stealth        | 5 6 7 8 9 |  9.4
Ice Magic      | 8 9 10 | 10.0

Action                   |  1- 3 |  4- 6 |  7- 9 | 10-12 | 13-15 || total
-------------------------+-------+-------+-------+-------+-------++-------
Melee: Unarmed           |     4 |       |       |    20 |       ||    24
       Bite              |     1 |       |    28 |    81 |     2 ||   112
       Flail             |       |       |   159 |       |       ||   159
       Hand axe          |       |       |    16 |    66 |    13 ||    95
       Demon whip        |       |       |       |   404 |     3 ||   407
 Fire: Sling             |    48 |   153 |   331 |       |       ||   532
 Cast: Freeze            |    19 |    17 |    34 |     9 |       ||    79
       Frozen Ramparts   |     2 |     5 |    34 |    49 |       ||    90
       Ozocubu's Armour  |       |       |    10 |    44 |     1 ||    55
       Hailstorm         |       |       |       |    25 |       ||    25
       Summon Ice Beast  |       |       |       |    10 |     1 ||    11
Evoke: Wand              |       |       |       |     6 |     2 ||     8
  Use: Potion            |     2 |       |       |       |     3 ||     5
 Stab: Sleeping          |     1 |       |     5 |     7 |       ||    13
       Distracted        |       |       |     1 |     2 |       ||     3
       Confused          |       |       |       |     1 |       ||     1
Armor: Robe              |     5 |    12 |    44 |       |       ||    61
       Leather armour    |       |       |   174 |   219 |       ||   393
       Skin              |       |       |       |     6 |     2 ||     8
Dodge: Dodged            |    23 |    37 |   289 |   289 |     5 ||   643
Block: Buckler           |       |    10 |    99 |   119 |     1 ||   229

Table legend: (Time is in decaauts)
 A = Elapsed time spent in this place.
 B = Non-inter-level travel time spent in this place.
 C = Inter-level travel time spent in this place.
 D = Time resting spent in this place.
 E = Time spent auto-exploring this place.
 F = Levels seen in this place.
 G = Mean time per level.
                   A        B        C        D        E       F      G
               +--------+--------+--------+--------+--------+-----+--------+
         Total |  14309 |  13848 |    461 |    253 |  10765 |  13 | 1100.7 |
       Dungeon |  12739 |  12278 |    461 |    133 |   9682 |  12 | 1061.6 |
      Ice Cave |   1570 |   1570 |      0 |    120 |   1083 |   1 | 1570.0 |
               +--------+--------+--------+--------+--------+-----+--------+

Top non-repeatable levels by time:
     D:7: 1776 daAuts
   IceCv: 1570 daAuts
    D:11: 1549 daAuts
     D:5: 1488 daAuts
     D:4: 1295 daAuts
     D:6: 1230 daAuts
     D:9: 1227 daAuts
     D:8: 1094 daAuts
     D:2: 852 daAuts
     D:1: 730 daAuts
    D:10: 662 daAuts
     D:3: 643 daAuts
    D:12: 187 daAuts
